 Dungeon Crawl Stone Soup version 0.24.1-14-gf8d2b509d9 (webtiles) character file.

Game seed: 10177870745170243912, levelgen mode: deterministic

4665 KlarStein the Covert (level 10, -5/63 HPs)
             Began as a Kobold Hunter on July 7, 2020.
             Was an Elder of Okawaru.
             Slain by an orc warrior
             ... wielding a +0 glaive
              (15 damage)
             ... on level 9 of the Dungeon.
             The game lasted 01:30:27 (8744 turns).

KlarStein the Covert (Kobold Hunter)                Turns: 8744, Time: 01:30:28

Health: -5/63      AC: 11    Str: 11    XL:     10   Next: 71%
Magic:  10/10      EV: 21    Int: 12    God:    Okawaru [****..]
Gold:   376        SH:  3    Dex: 20    Spells: 9/9 levels left

rFire    . . .     SeeInvis .   D - +2 scimitar (flame)
rCold    . . .     Gourm    .   (shield restricted)
rNeg     + . .     Faith    .   q - +1 leather armour "Addei" {rN+ MR+++ Int-5 Dex+3}
rPois    .         Spirit   .   (no helmet)
rElec    .         Reflect  +   A - +1 cloak
rCorr    .         Harm     .   (no gloves)
MR       +++..                  F - +2 pair of boots
Stlth    ++++......             z - +3 amulet of reflection
HPRegen  0.20/turn              h - +2 ring of intelligence
MPRegen  0.12/turn              p - +2 ring of protection

@: no status effects
A: small, carnivore, clever 1, evolution 1
a: Heroism, Renounce Religion


You were on level 9 of the Dungeon.
You worshipped Okawaru.
Okawaru was greatly pleased with you.
You were completely stuffed.

You visited 2 branches of the dungeon, and saw 10 of its levels.
You also visited: Sewer.

You collected 376 gold pieces.

Inventory:

Hand Weapons
 a - a +2 hand crossbow
 D - a +2 scimitar of flaming (weapon)
 K - a +1 dagger of venom
Missiles
 k - a throwing net
 n - 27 poisoned darts (quivered)
 x - 5 atropa-tipped darts
 C - 5 curare-tipped darts
 E - 4 bolts
Armour
 q - the +1 leather armour "Addei" (worn) {rN+ MR+++ Int-5 Dex+3}
   (You found it in a sewer)

   It affects your intelligence (-5).
   It affects your dexterity (+3).
   It protects you from negative energy.
   It affects your resistance to hostile enchantments.
 A - a +1 cloak (worn)
 F - a +2 pair of boots (worn)
Jewellery
 h - a +2 ring of intelligence (left hand)
 p - a +2 ring of protection (right hand)
 z - a +3 amulet of reflection (around neck)
Wands
 j - a wand of flame (2)
 t - a wand of digging (7)
 H - a wand of acid (10)
Scrolls
 b - a scroll of fear
 c - 5 scrolls of teleportation
 l - 7 scrolls of remove curse
 m - 2 scrolls of fog
 y - a scroll of identify
 I - a scroll of amnesia {unknown}
Potions
 e - a potion of lignification {unknown}
 g - 8 potions of curing
 o - 2 potions of ambrosia
 r - a potion of resistance {unknown}
 s - 7 potions of brilliance
 u - 4 potions of mutation
 v - a potion of magic
 B - a potion of cancellation {unknown}
Comestibles
 f - 17 rations
 J - 4 chunks of flesh


   Skills:
 + Level 7.6 Fighting
 + Level 8.4 Short Blades
 + Level 9.5 Crossbows
 + Level 8.2 Dodging
 + Level 9.9 Stealth


You had 9 spell levels left.
You didn't know any spells.
Your spell library contained the following spells:

 Spells                   Type           Power        Failure   Level  Hunger
 Beastly Appendage        Tmut           #.....       41%         1    ##.....
 Summon Small Mammal      Summ           #...         41%         1    ##.....
 Call Imp                 Summ           #.......     54%         2    ###....
 Sticks to Snakes         Tmut           #.......     54%         2    ###....
 Call Canine Familiar     Summ           #.......     78%         3    ####...
 Spider Form              Tmut/Pois      #.........   78%         3    ####...
 Summon Guardian Golem    Hex/Summ       #.......     78%         3    ####...
 Ice Form                 Ice/Tmut       #.......     99%         4    #####..
 Summon Ice Beast         Ice/Summ       #.......     99%         4    #####..
 Summon Lightning Spire   Summ/Air       #.......     99%         4    #####..
 Blade Hands              Tmut           #.........   100%        5    ######.


Dungeon Overview and Level Annotations

Branches:
Dungeon (9/15)             Temple (1/1) D:5           Sewer (visited)
   Lair: D:8-11         Orc: D:9-12

Altars:
Cheibriados
Dithmenos
Elyvilon
Hepliaklqana
Okawaru
Trog
Vehumet
Yredelemnul


Innate Abilities, Weirdness & Mutations

You are small and have problems with some larger weapons.
You are carnivorous and can eat meat at any time.
Your mind is acute. (Int +2)
You evolve.


Message History

The two-headed ogre barely misses you.
You riposte.
You hit the two-headed ogre. You burn the two-headed ogre.
The two-headed ogre is almost dead.
You block the two-headed ogre's attack. You block the orc wizard's attack.
The orc warrior closely misses you.
You hit the two-headed ogre. You burn the two-headed ogre.
The two-headed ogre is almost dead.
The quokka misses you. The orc wizard closely misses you.
The two-headed ogre closely misses you.
You riposte.
You hit the two-headed ogre. You burn the two-headed ogre.
You kill the two-headed ogre!
Okawaru is honoured by your kill. The orc warrior misses you.
The orc wizard casts a spell.
The orc wizard blinks!
The quokka closely misses you.
The orc wizard hits you but does no damage.
You feel better. The orc wizard closely misses you.
The quokka completely misses you.
The orc warrior hits you from afar with a +0 glaive!
You die...

.......÷###...#
..####.......##
##.###..# #.#
#..# #.# #..#
..# #..#
#####..# #...§#
#@#..#
....).roo.##
#.######o## #o#
#.# #.# .# .#


You could see an orc warrior, 3 orc wizards and a quokka.

Vanquished Creatures
  2 two-headed ogres
  Joseph (D:8)
  Grinder (D:4)
  6 yaks (D:9)
  A hungry ghost (D:7)
  2 black bears
  Purgy (D:4)
  2 sky beasts
  An orc warrior (D:6)
  An ogre (D:8)
  4 bullfrogs
  A scorpion (D:5)
  2 crimson imps
  A bullfrog zombie (D:8)
  3 hounds
  3 jellies
  4 iguanas
  7 orc wizards
  4 worker ants (D:6)
  A hound zombie (D:6)
  Robin (D:4)
  8 adders
  A shadow imp (D:6)
  3 adder skeletons
  2 adder zombies
  3 worms
  4 dart slugs
  9 leopard geckos
  11 orcs
  6 giant cockroaches
  14 hobgoblins
  16 jackals
  7 quokkas
  5 ball pythons
  12 bats
  14 frilled lizards
  15 goblins
  7 kobolds
  10 rats
196 creatures vanquished.

Notes
Turn   | Place    | Note
-------+----------+-------------------------------------------
     0 | D:1      | KlarStein the Kobold Hunter began the quest for the Orb.
     0 | D:1      | Reached XP level 1. HP: 12/12 MP: 1/1
    92 | D:1      | Reached XP level 2. HP: 18/18 MP: 2/2
   186 | D:1      | Reached skill level 1 in Short Blades
   186 | D:1      | Reached skill level 5 in Crossbows
   390 | D:1      | Reached XP level 3. HP: 22/22 MP: 3/3
  1116 | D:2      | Reached XP level 4. HP: 27/27 MP: 4/4
  1866 | D:3      | Reached XP level 5. HP: 29/32 MP: 5/5
  2001 | D:3      | Found a bloodstained altar of Trog.
  2343 | D:3      | Found a basalt altar of Yredelemnul.
  2712 | D:4      | Noticed Robin
  2888 | D:4      | Killed Robin
  2890 | D:4      | Noticed Purgy
  2929 | D:4      | Reached XP level 6. HP: 37/37 MP: 6/6
  3197 | D:4      | Killed Purgy
  3889 | D:4      | Noticed Grinder
  3907 | D:4      | Killed Grinder
  3907 | D:4      | Reached XP level 7. HP: 14/43 MP: 7/7
  4380 | D:5      | Entered Level 5 of the Dungeon
  4380 | D:5      | Found a staircase to the Ecumenical Temple.
  4396 | D:5      | Reached skill level 5 in Stealth
  4410 | Temple   | Entered the Ecumenical Temple
  4572 | Temple   | Became a worshipper of Warmaster Okawaru
  4738 | D:5      | Gained mutation: Your mind is acute. (Int +2) [potion of
                  | mutation]
  4738 | D:5      | Gained mutation: You evolve. [potion of mutation]
  5020 | D:5      | Reached XP level 8. HP: 48/48 MP: 8/8
  5098 | D:5      | Found a bloodstained altar of Trog.
  5204 | D:5      | Reached skill level 5 in Dodging
  5699 | D:6      | Found a glowing drain.
  5725 | Sewer    | Entered a sewer
  5964 | Sewer    | Reached skill level 5 in Short Blades
  6006 | Sewer    | Got a fine leather armour
  6031 | Sewer    | Identified the +1 leather armour "Addei" {rN+ MR+++ Int-5
                  | Dex+3} (You found it in a sewer)
  6205 | D:6      | Reached skill level 5 in Fighting
  6377 | D:6      | Reached * piety under Okawaru
  6402 | D:6      | Gained mutation: You rapidly evolve. [evolution]
  6402 | D:6      | Lost mutation: You rapidly evolve. [decline of evolution]
  6770 | D:6      | Reached XP level 9. HP: 54/54 MP: 9/9
  7410 | D:7      | Found a shadowy altar of Dithmenos.
  7734 | D:8      | Noticed a two-headed ogre
  7749 | D:8      | Killed a two-headed ogre
  7749 | D:8      | Reached ** piety under Okawaru
  7809 | D:8      | Noticed Joseph
  7820 | D:8      | Killed Joseph
  7820 | D:8      | Reached *** piety under Okawaru
  7841 | D:8      | Reached XP level 10. HP: 46/61 MP: 10/10
  8609 | D:9      | Reached **** piety under Okawaru
  8729 | D:9      | Noticed a two-headed ogre
  8741 | D:9      | HP: 3/63 [orc warrior/+0 glaive (4)]
  8743 | D:9      | Killed a two-headed ogre
  8744 | D:9      | Slain by an orc warrior

Levels and vault maps discovered:
D:1:      sevenhm_arrival_forest_fort_large_2, layout_loops_ring,
          minmay_misc_feat_pillars
D:2:      minmay_inner_zag, layout_rooms, first_ration, st_stairs_8,
          minmay_tromino_v4_b
D:3:      layout_basic, lemuel_doored_altar, trog_butcher_becter
D:4:      layout_loops_corners, uniq_purgy, uniq_grinder, uniq_robin
D:5:      layout_basic, minmay_temple_entry_statues_fountains,
          minmay_stone_trees_medium, bloody_trog
D:6:      minmay_evil_eye, layout_loops_cross, cheibrodos_sewer_entry_bend
D:7:      layout_basic, nicolae_dithmenos_the_darkroom
D:8:      layout_loops_cross, grunt_ogre_cave, uniq_joseph
D:9:      layout_loops_ring, serial_shops, shop_fountains
Temple:   roderic_octagonal_lattice_temple

Skill      XL: |  1  2  3  4  5  6  7  8  9 10 |
---------------+-------------------------------+-----
Short Blades   | 1 2 4 5 7 8 |  8.4
Crossbows      | 5 6 7 8 9 |  9.5
Stealth        | 2 3 4 5 7 8 9 |  9.9
Dodging        | 3 4 5 7 8 |  8.2
Fighting       | 3 4 5 6 7 |  7.6

Action                   |  1- 3 |  4- 6 |  7- 9 | 10-12 || total
-------------------------+-------+-------+-------+-------++-------
Melee: Scimitar          |       |       |    18 |   102 ||   120
 Fire: Hand crossbow     |    75 |   182 |   194 |       ||   451
Throw: Dart              |       |     3 |    12 |     4 ||    19
Evoke: Wand              |       |       |    15 |     1 ||    16
  Use: Scroll            |     5 |     7 |     9 |     2 ||    23
       Potion            |       |       |     4 |     5 ||     9
 Stab: Sleeping          |       |       |       |     4 ||     4
  Eat: Chunk             |     5 |    10 |    11 |     7 ||    33
Armor: Leather armour    |     6 |    19 |    14 |    20 ||    59
Dodge: Dodged            |    25 |    79 |    95 |   114 ||   313
Block: Other             |       |       |    13 |    15 ||    28
       Reflection        |       |       |     2 |     1 ||     3
       Rpst.: Scimitar   |       |       |     4 |    36 ||    40
